 Dungeon Crawl Stone Soup version 0.29-a0-676-ga64570c9d2 (webtiles) character file.

Game seed: 17215300353911615675

981 happo123 the Digger (level 8, -3/45 HPs)
             Began as a Gargoyle Earth Elementalist on June 24, 2022.
             Slain by a hornet (8 damage)
             ... on level 5 of the Dungeon.
             The game lasted 00:24:24 (4529 turns).

happo123 the Digger (Gargoyle Earth Elementalist)   Turns: 4529, Time: 00:24:24

Health: -3/45      AC: 17    Str: 12    XL:     8   Next: 17%
Magic:  6/13       EV: 12    Int: 18    God:
Gold:   246        SH:  0    Dex: 16    Spells: 5/13 levels left

rFire   . . .      SeeInvis .   B - +2 mace (protect)
rCold   + . .      Faith    .   (no shield)
rNeg    + . .      Spirit   .   m - +0 leather armour
rPois   ∞          Reflect  .   (no helmet)
rElec   +          Harm     .   (no cloak)
rCorr   .          Rampage  .   x - +0 pair of gloves
Will    .....                   (no boots)
Stlth   ++........              p - amulet of the acrobat
HPRegen 0.15/turn               u - ring of protection from cold
MPRegen 0.13/turn               v - +6 ring of dexterity

@: under a protective aura
A: sickness immunity, AC +5, negative energy resistance 1, electricity
resistance, torment resistance 1, petrification resistance
a: no special abilities


You were on level 5 of the Dungeon.
You visited 1 branch of the dungeon, and saw 5 of its levels.

You collected 246 gold pieces.

Inventory:

Hand Weapons
 j - a +0 vampiric mace
 y - a +0 shortbow
 B - a +2 mace of protection (weapon)
Missiles
 d - an atropa-tipped dart
 z - a throwing net
Armour
 a - a +0 robe
 m - a +0 leather armour (worn)
 x - a +0 pair of gloves (worn)
Magical Staves
 C - a staff of conjuration
Jewellery
 p - an amulet of the acrobat (around neck)
 u - a ring of protection from cold (left hand)
 v - a +6 ring of dexterity (right hand)
Wands
 h - a wand of iceblast (8)
Scrolls
 f - 2 scrolls of fog {unknown}
 g - 3 scrolls of noise
 i - 2 scrolls of poison
 k - 2 scrolls of brand weapon
 n - a scroll of silence {unknown}
 q - 2 scrolls of immolation
 t - a scroll of enchant weapon {unknown}
 w - 3 scrolls of fear
 A - a scroll of enchant armour {unknown}
Potions
 b - a potion of magic
 c - 2 potions of curing {unknown}
 e - 2 potions of mutation {unknown}
 l - 2 potions of degeneration {unknown}
 o - 2 potions of attraction {unknown}
 r - a potion of brilliance {unknown}
 s - a potion of heal wounds {unknown}


   Skills:
 + Level 2.8 Fighting
 + Level 1.9 Maces & Flails
 + Level 2.9 Armour
 + Level 2.8 Dodging
 + Level 4.1 Stealth
 + Level 3.3 Spellcasting
 * Level 3.3 Transmutations
 * Level 6.1 Earth Magic


You had 5 spell levels left.
You knew the following spells:

 Your Spells              Type           Power      Damage    Failure   Level
a - Sandblast             Erth           50%        2d12      1%          1
b - Stone Arrow           Conj/Erth      28%        3d8       17%         3
c - Petrify               Tmut/Erth      20%        N/A       28%         4

Your spell library contained the following spells:

 Spells                   Type           Power      Damage    Failure   Level
 Passwall                 Tmut/Erth      16%        N/A       4%          2


Dungeon Overview and Level Annotations

Branches:
Dungeon (5/15)
 Temple: D:4-7

Altars:

Shops:
D:4 (


Innate Abilities, Weirdness & Mutations

You are immune to sickness and miasma.
Your stone body is resilient. (AC +5)
You are immune to poison.
You resist negative energy. (rN+)
You are resistant to electric shocks. (rElec)
You are resistant to unholy torment.
You are immune to petrification.


Message History

The blast of sand misses the hornet.
The hornet stings you! The hornet stings you.
Aiming: Sandblast (safe; 1% risk of failure)
Press: ? - help, Q - select action, (/) - cycle Shift-Dir - straight line, f/p - hornet
Aim: a hornet (moderately wounded, 71% to hit)
The blast of sand hits the hornet but does no damage.
The hornet is moderately wounded.
The hornet stings you. The hornet barely misses you.
The hornet closely misses you.
Aiming: Sandblast (safe; 1% risk of failure)
Press: ? - help, Q - select action, (/) - cycle Shift-Dir - straight line, f/p - hornet
Aim: a hornet (moderately wounded, 71% to hit)
The blast of sand hits the hornet!
The hornet is heavily wounded.
The hornet stings you but does no damage.
The hornet stings you. The hornet closely misses you.
You hit the hornet.
Your weapon exudes an aura of protection.
The hornet is severely wounded.
The hornet stings you.
The hornet stings you but does no damage.
You barely miss the hornet.
The hornet is severely wounded.
The hornet stings you. The hornet barely misses you.
You hit the hornet but do no damage.
The hornet is severely wounded.
The hornet stings you but does no damage.
The hornet misses you.
You barely miss the hornet.
The hornet is severely wounded.
The hornet stings you. The hornet closely misses you.
You hit the hornet.
The hornet is severely wounded.
The hornet stings you but does no damage.
The hornet stings you!
* * * LOW HITPOINT WARNING * * *
You barely miss the hornet.
The hornet is severely wounded.
The hornet stings you!
You die...

....+....#........#
#........ ....#|...+
#........ ....#....#
#........ ....######
#####........ .......
######....#........
....... +.........
....... ........
#......... .......
........ #..y......
....... ....... #.@# ..
.......
+##############..###...
#......
#.......#.............
#......
+......^#.............
#......
#.......'.............
#......
###......#............(
#......
..#...####..###########
#...... ..#...#######
....... ..#.........#
.......


You could see a hornet.

Vanquished Creatures
  Sigmund (D:5)
  A water moccasin (D:5)
  A black bear (D:4)
  An ogre (D:4)
  A centaur (D:4)
  A phantom (D:4)
  2 scorpions (D:5)
  A hound (D:4)
  An iguana (D:5)
  Terence (D:3)
  2 orc wizards
  4 adders
  An ufetubus (D:5)
  2 worms
  3 dart slugs
  14 orcs
  7 ball pythons
  3 endoplasms
  2 giant cockroaches
  7 goblins
  4 hobgoblins
  4 jackals (D:1)
  4 quokkas
  3 training dummies (D:4)
  4 bats
  4 frilled lizards
  6 kobolds
  6 rats
91 creatures vanquished.

Notes
Turn   | Place    | Note
-------+----------+-------------------------------------------
     0 | D:1      | happo123 the Gargoyle Earth Elementalist began the quest
                  | for the Orb.
     0 | D:1      | Reached XP level 1. HP: 10/10 MP: 3/3
    92 | D:1      | Found a faded altar of an unknown god.
   176 | D:1      | Reached skill level 1 in Transmutations
   176 | D:1      | Reached XP level 2. HP: 16/16 MP: 3/5
   639 | D:1      | Reached XP level 3. HP: 16/20 MP: 1/6
   647 | D:1      | Learned a level 3 spell: Stone Arrow
   958 | D:2      | Reached skill level 4 in Earth Magic
  1362 | D:2      | You fall into a shaft and drop 1 floor!
  1497 | D:2      | Reached skill level 1 in Armour
  1534 | D:2      | Reached skill level 1 in Fighting
  1534 | D:2      | Reached XP level 4. HP: 24/25 MP: 5/7
  2165 | D:3      | Noticed Terence
  2217 | D:3      | Killed Terence
  2218 | D:3      | Reached XP level 5. HP: 18/29 MP: 6/8
  2975 | D:4      | Noticed a black bear
  2981 | D:4      | Killed a black bear
  2982 | D:4      | Reached skill level 5 in Earth Magic
  2982 | D:4      | Reached XP level 6. HP: 28/35 MP: 2/10
  3045 | D:4      | HP: 1/35 [centaur/arrow (7)]
  3378 | D:4      | Reached skill level 1 in Maces & Flails
  3378 | D:4      | Reached XP level 7. HP: 24/40 MP: 0/11
  3383 | D:4      | Learned a level 4 spell: Petrify
  3521 | D:4      | Found Kudarcho's Firing Range.
  3840 | D:5      | Entered Level 5 of the Dungeon
  3916 | D:5      | Noticed Sigmund
  3919 | D:5      | Killed Sigmund
  3920 | D:5      | Reached XP level 8. HP: 32/45 MP: 3/12
  3961 | D:5      | Reached skill level 6 in Earth Magic
  4518 | D:5      | Noticed a hornet
  4529 | D:5      | Slain by a hornet

Illustrated notes

Levels and vault maps discovered:
D:1:      mrwooster_arrival_arrow, layout_loops_corners,
          ebering_ecumenical_altar_rust
D:2:      layout_basic
D:3:      layout_loops_corners, minmay_misc_feat_rows, uniq_terence
D:4:      layout_cave_pools, nicolae_shop_firing_range
D:5:      layout_gridville, kennysheep_generic_room_9, uniq_sigmund

Skill      XL: |  1  2  3  4  5  6  7  8 |
---------------+-------------------------+-----
Transmutations | 1 2 3 |  3.3
Earth Magic    | 4 5 6 |  6.1
Armour         | 1 2 |  2.9
Fighting       | 1 2 |  2.8
Dodging        | 2 |  2.8
Stealth        | 3 4 |  4.1
Maces & Flails | 1 |  1.9
Spellcasting   | 3 |  3.3

Action                   |  1- 3 |  4- 6 |  7- 9 || total
-------------------------+-------+-------+-------++-------
Melee: Mace              |    29 |    48 |    47 ||   124
Throw: Dart              |       |     2 |       ||     2
 Cast: Sandblast         |    42 |    48 |    26 ||   116
       Stone Arrow       |       |     2 |     9 ||    11
  Use: Scroll            |       |     4 |     2 ||     6
 Stab: Sleeping          |       |     1 |     4 ||     5
Armor: Robe              |    21 |    23 |       ||    44
       Leather armour    |       |     2 |    32 ||    34
Dodge: Dodged            |    40 |    71 |    45 ||   156

Table legend: (Time is in decaauts)
 A = Elapsed time spent in this place.
 B = Non-inter-level travel time spent in this place.
 C = Inter-level travel time spent in this place.
 D = Time resting spent in this place.
 E = Time spent auto-exploring this place.
 F = Levels seen in this place.
 G = Mean time per level.
                   A        B        C        D        E       F      G
               +--------+--------+--------+--------+--------+-----+--------+
         Total |   4696 |   3316 |   1380 |    843 |   1615 |   5 |  939.2 |
       Dungeon |   4696 |   3316 |   1380 |    843 |   1615 |   5 |  939.2 |
               +--------+--------+--------+--------+--------+-----+--------+

Top non-repeatable levels by time:
     D:3: 1145 daAuts
     D:4: 1044 daAuts
     D:1: 937 daAuts
     D:2: 842 daAuts
     D:5: 726 daAuts
